Map: Dusty Gorge

Players

MonstroTown

  • Race: Terran Terran
  • Spawn Location: 9:00

Michael

  • Race: Zerg Zerg
  • League: Gold
  • Spawn Location: 11:00

Waddicor

  • Race: Terran Terran
  • League: Diamond
  • Spawn Location: 3:00

mrcheese

  • Race: Zerg Zerg
  • Spawn Location: 5:00

VOD

Have the link to the VOD?

Description

Time

  • Played on: Sept. 29, 2018, 12:12 p.m.
  • Length: 7:20
Show
View Real Time Build Order
Export as new Build Order

MonstroTown Terran 

Build Orders: Reaper Expand 

Get SALT Encoding   

  12  0:01  SCV  
  13  0:13  SCV  
  14  0:18  Supply Depot  
  14  0:25  SCV  
  15  0:39  SCV  
  15  0:41  Barracks  
  16  0:47  Refinery  
  16  0:52  SCV  
  17  1:04  SCV  
  18  1:16  SCV  
  19  1:30  Reaper  
  19  1:31  Orbital Command  
  20  1:42  Barracks  
  20  2:00  Command Center  
  20  2:08  Barracks Tech Lab  
  20  2:10  Supply Depot  
  20  2:13  SCV  
  21  2:25  SCV  
  22  2:43  Bunker  
  22  2:44  Bunker x2  
  22  2:46  Factory  
  22  2:48  Marine  
  23  2:56  SCV  
  23  3:06  Marauder  
  25  3:13  Engineering Bay  
  25  3:19  Orbital Command  
  25  3:23  SCV  
  26  3:35  SCV  
  26  3:42  Refinery  
  26  3:44  Combat Shields  
  26  3:47  Terran Infantry Weapons Level 1  
  26  3:49  Factory Tech Lab  
  26  3:51  SCV  
  27  3:58  Marine  
  27  3:59  Marauder  
  30  4:06  SCV x2  
  32  4:16  Refinery  
  32  4:18  SCV x2  
  34  4:32  Marine  
  34  4:33  Marine  
  34  4:34  Siege Tank  
  37  4:54  Marauder  
  17  5:52  Orbital Command  
  17  5:58  Marine  
  18  6:15  Cyclone  
  18  6:16  Marine  
  22  6:33  Supply Depot  
  23  6:55  Marine  
Show
View Real Time Build Order
Export as new Build Order

Michael Zerg 

Build Orders: Hatch First 

Get SALT Encoding   

  12  0:01  Drone  
  13  0:13  Overlord  
  13  0:18  Drone  
  14  0:31  Drone x2  
  14  0:35  Drone  
  17  0:45  Drone  
  18  0:58  Hatchery  
  18  1:01  Drone  
  18  1:05  Extractor  
  17  1:18  Spawning Pool  
  17  1:21  Drone  
  17  1:24  Drone  
  18  1:30  Drone  
  19  1:39  Drone  
  20  1:49  Overlord  
  20  2:06  Queen  
  22  2:09  Metabolic Boost  
  22  2:10  Queen  
  22  2:14  Zergling x2  
  25  2:17  Zergling x2  
  25  2:20  Zergling x2  
  27  2:33  Roach Warren  
  27  2:35  Drone  
  27  2:39  Drone  
  27  2:42  Drone  
  29  2:53  Queen  
  31  3:03  Queen  
  33  3:07  Drone  
  33  3:09  Drone  
  35  3:13  Drone  
  35  3:18  Overlord  
  36  3:30  Lair  
  36  3:35  Extractor  
  36  3:37  Drone  
  36  3:40  Evolution Chamber  
  32  3:42  Roach  
  32  3:46  Roach  
  36  3:51  Roach  
  38  3:58  Roach  
  38  4:00  Roach  
  42  4:05  Overlord  
  42  4:10  Overlord  
  42  4:14  Drone  
  43  4:18  Overlord  
  39  4:33  Roach x3  
  39  4:35  Roach  
  47  4:43  Spine Crawler  
  46  4:52  Roach x2  
  52  4:53  Roach  
  46  5:00  Roach  
  46  5:01  Roach  
  46  5:06  Roach  
  52  5:16  Roach  
  50  5:35  Roach x2  
  54  5:41  Zergling x4  
  54  5:42  Zergling x12  
  62  5:49  Roach  
  66  5:50  Roach  
  66  6:00  Roach  
  52  6:10  Zergling x12  
  56  6:15  Drone  
  56  6:18  Extractor  
  56  6:25  Hatchery  
  55  6:26  Roach x2  
  55  6:27  Roach  
  31  6:49  Roach x2  
  31  6:52  Zergling x10  
  40  6:59  Spine Crawler  
Show
View Real Time Build Order
Export as new Build Order

Waddicor Terran 

Build Orders:  

Get SALT Encoding   

  12  0:00  SCV  
  13  0:13  SCV  
  14  0:22  Supply Depot  
  14  0:25  SCV  
  15  0:44  SCV  
  15  0:45  Barracks  
  16  0:51  Supply Depot  
  16  0:56  SCV  
  17  0:59  Refinery  
  17  1:08  SCV  
  18  1:20  SCV  
  19  1:26  Barracks  
  19  1:32  SCV  
  20  1:36  Barracks  
  20  1:41  Barracks Tech Lab  
  20  1:44  SCV  
  21  1:58  Supply Depot  
  21  2:03  Supply Depot  
  21  2:07  Engineering Bay  
  21  2:16  Stimpack  
  21  2:19  Marine  
  22  2:33  Marine x2  
  24  2:37  Marine  
  24  2:38  Refinery  
  25  2:51  Marine x2  
  27  2:58  Barracks Reactor  
  27  3:09  Marine  
  29  3:13  Barracks Reactor  
  28  3:27  Marauder, Terran Infantry Weapons Level 1  
  28  3:49  Marauder  
  28  3:52  Marine x4  
  34  4:01  Orbital Command  
  34  4:10  Marine x5  
  34  4:11  Supply Depot  
  39  4:28  Marauder, Marine x3  
  43  4:39  Marine  
  42  4:45  Marine  
  42  4:49  Marauder  
  45  4:57  Marine x2  
  45  4:58  Marine  
  47  5:03  Marine  
  48  5:11  Marauder  
  47  5:15  Marine x2  
  44  5:32  Marauder  
  46  5:36  Marine x2  
  46  5:37  Marine x2  
  49  5:54  Marauder, Marine x4  
  55  6:21  Marauder, Marine x4  
  55  6:25  Supply Depot  
  61  6:38  Marine  
  58  6:43  Marauder  
  60  6:49  Marine x3  
  63  6:56  Marine  
Show
View Real Time Build Order
Export as new Build Order

mrcheese Zerg 

Build Orders: Hatch First 

Get SALT Encoding   

  12  0:03  Drone  
  13  0:12  Overlord  
  13  0:18  Drone  
  14  0:31  Drone  
  14  0:33  Drone  
  16  0:56  Hatchery  
  15  0:59  Drone  
  15  1:00  Drone  
  17  1:06  Extractor  
  17  1:07  Drone  
  17  1:20  Spawning Pool  
  17  1:23  Drone  
  18  1:25  Drone  
  18  1:32  Drone  
  19  1:46  Drone  
  20  1:59  Drone  
  21  2:08  Overlord  
  21  2:09  Queen  
  21  2:10  Queen  
  21  2:12  Metabolic Boost  
  25  2:23  Overlord  
  25  2:25  Zergling x2  
  25  2:26  Zergling x2  
  27  2:56  Zergling x2  
  27  2:57  Zergling x10  
  33  3:08  Drone  
  34  3:42  Zergling x2  
  34  3:43  Zergling x16  
  43  3:48  Extractor  
  43  3:50  Drone  
  43  3:51  Drone  
  44  3:57  Roach Warren  
  44  3:59  Burrow  
  43  4:05  Lair  
  43  4:07  Drone  
  44  4:10  Overlord x2  
  42  4:49  Zergling x16  
  42  5:16  Roach  
  42  5:17  Roach  
  42  5:18  Roach x3  
  48  5:37  Roach x3  
  53  5:43  Zergling x4  
  50  6:04  Zergling x2  
  50  6:05  Zergling x6  
  54  6:13  Hatchery  
  54  6:18  Roach x3  
  59  6:21  Overlord x3  
  59  6:31  Queen  
  59  6:37  Hatchery  
  55  6:58  Roach  
  55  6:59  Roach x5  
Tags
 
Add a new tag
Caveats
  • Supply blocks, unpowered buildings, or Contaminate may cause inaccurate times.
  • Supply counts are checked every 10 seconds.